 Dungeon Crawl Stone Soup version 0.22.0-5-gf09313c (webtiles) character file.

263 sking99 the Grave Robber (level 5, 0/39 HPs)
             Began as a Vampire Necromancer on Aug 13, 2018.
             Slain by an ice beast (5 damage)
             ... on level 2 of the Dungeon.
             The game lasted 00:08:24 (4310 turns).

sking99 the Grave Robber (Vampire Necromancer)      Turns: 4310, Time: 00:08:25

Health: 0/39       AC:  3    Str:  8    XL:     5   Next: 98%
Magic:  4/10       EV: 13    Int: 18    God:
Gold:   58         SH:  0    Dex: 14    Spells: 9/11 levels left

rFire    . . .     SeeInvis +   (no weapon)
rCold    + . .     Gourm    .   (no shield)
rNeg     + + .     Faith    .   a - +0 robe
rPois    +         Spirit   .   (no helmet)
rElec    .         Reflect  .   c - +0 cloak (curse)
rCorr    .         Harm     .   (no gloves)
MR       .....                  (no boots)
Stlth    +++.......             (no amulet)
HPRegen  0.06/turn              (no ring)
MPRegen  0.12/turn              (no ring)

@: regenerating slowly
A: fangs 3, see invisible, unbreathing
a: Bat Form


You were on level 2 of the Dungeon.
You were thirsty.

You visited 1 branch of the dungeon, and saw 3 of its levels.

You collected 58 gold pieces.

Inventory:

Missiles
 j - a throwing net (quivered)
Armour
 a - a +0 robe (worn)
 c - a cursed +0 cloak (worn)
Scrolls
 b - 2 scrolls of noise {unknown}
 d - a scroll of blinking {unknown}
 f - a scroll of fear {unknown}
 g - 3 scrolls of fog {unknown}
 h - a scroll of enchant armour {unknown}
 i - a scroll of teleportation {unknown}
 k - 2 scrolls of remove curse {unknown}
Potions
 e - 5 potions of curing {unknown}
 l - a potion of lignification {unknown}
 q - 2 potions of blood


   Skills:
 + Level 2.3 Fighting
 - Level 3.1 Dodging
 - Level 3.0 Stealth
 + Level 3.6 Spellcasting
 + Level 5.8 Necromancy


You had 9 spell levels left.
You knew the following spells:

 Your Spells              Type           Power        Failure   Level  Hunger
a - Pain                  Necr           ###.         1%          1    None
b - Animate Skeleton      Necr           N/A          1%          1    None

Your spell library contained the following spells:

 Spells                   Type           Power        Failure   Level  Hunger
 Animate Dead             Necr           N/A          14%         4    ####...
 Vampiric Draining        Necr           ###.......   4%          3    ###....
 Regeneration             Chrm/Necr      ##........   14%         3    ###....


Dungeon Overview and Level Annotations

Branches:
Dungeon (3/15)

Altars:
Ru
Wu Jian


Innate Abilities, Weirdness & Mutations

You heal slowly.
You have razor-sharp teeth.
You have supernaturally acute eyesight. (SInv)
You can survive without breathing.


Message History

Your jackal skeleton bites the ice beast but does no damage.
The ice beast hits your jackal skeleton.
The ice beast freezes your jackal skeleton.
Your jackal skeleton resists.
Your jackal skeleton is destroyed!
Casting: Pain (safe; 1% risk of failure)
Confirm with . or Enter, or press ? or * to list all spells.
Aiming: Pain (safe; 1% risk of failure)
Press: ? - help, Shift-Dir - straight line, f/p - ice beast
Aim: an ice beast (severely wounded, chance to defeat MR: 83%)
The ice beast writhes in agony!
The ice beast hits you. The ice beast freezes you! You resist.
* * * LOW HITPOINT WARNING * * *
Okay, then.
Yummy - fresh blood!
You are feeling thirsty.
The ice beast hits you.
* * * LOW HITPOINT WARNING * * *
The ice beast freezes you. You resist.
You die...

## ##.....)..#(..#.## #..(...# .#
#..#########.#..# #......# .#
#..# #..#.# #......# )# #..#
##.#.# #......# .#####..##
#####.#.#####...(..#
....#>...#####.....[....#####.###
###....#.....#..........# ###.#
###...#####.#..Y>......###...#
#...#..## #....@......_#...###
#.####..####........(..#.### ##.#
##..###...........#.# ..(##
##.....######.####.# ....###
####..## #.# #.# (##[..#######..#
#.# ##.# .####.....###..# #.#
#..# ## #####....#.#####.# #.##
##...........# #)#


You could see an ice beast.

Vanquished Creatures
  A bullfrog (D:2)
  Terence (D:2)
  Natasha (thrice) (D:2)
  5 adders
  A dart slug (D:2)
  2 leopard geckos
  7 bats
  2 giant cockroaches
  2 goblins (D:1)
  5 hobgoblins
  3 jackals
  6 frilled lizards
  10 kobolds
  4 rats (D:1)
52 creatures vanquished.

Vanquished Creatures (collateral kills)
  A bat (D:1)
  2 kobolds
  A rat (D:2)
4 creatures vanquished.

Grand Total: 56 creatures vanquished

Notes
Turn   | Place    | Note
-------+----------+-------------------------------------------
     0 | D:1      | sking99 the Vampire Necromancer began the quest for the Orb.
     0 | D:1      | Reached XP level 1. HP: 13/13 MP: 3/3
   439 | D:1      | Learned a level 1 spell: Animate Skeleton
   441 | D:1      | Reached XP level 2. HP: 19/19 MP: 3/5
  1527 | D:2      | Reached XP level 3. HP: 21/24 MP: 2/6
  1614 | D:2      | Noticed Terence
  1630 | D:2      | Killed Terence
  2048 | D:2      | Reached skill level 5 in Necromancy
  2048 | D:2      | Reached XP level 4. HP: 27/31 MP: 2/8
  2113 | D:2      | Found an ornate altar of the Wu Jian Council.
  2158 | D:2      | Noticed Natasha
  2165 | D:2      | Killed Natasha
  2165 | D:2      | Reached skill level 1 in Fighting
  2366 | D:2      | Found a sacrificial altar of Ru.
  2492 | D:2      | Noticed a bullfrog
  2507 | D:2      | Killed a bullfrog
  2507 | D:2      | Reached XP level 5. HP: 12/38 MP: 3/9
  3071 | D:2      | Noticed Natasha
  3077 | D:2      | Killed Natasha
  3199 | D:2      | Noticed Natasha
  3207 | D:2      | Killed Natasha
  3933 | D:3      | Noticed an ice beast
  4310 | D:2      | Slain by an ice beast

Skill      XL: |  1  2  3  4  5 |
---------------+----------------+-----
Dodging        | 3 |  3.1
Necromancy     | 5 |  5.8
Fighting       | 1 2 |  2.3
Spellcasting   | 3 |  3.6
Stealth        | |  3.0

Action                   |  1- 3 |  4- 6 || total
-------------------------+-------+-------++-------
Melee: Unarmed           |     3 |     5 ||     8
       Bite              |       |     1 ||     1
 Cast: Pain              |    54 |    66 ||   120
       Animate Skeleton  |     5 |     5 ||    10
  Use: Potion            |     2 |     5 ||     7
Armor: Robe              |     6 |    13 ||    19
Dodge: Dodged            |    16 |    42 ||    58
